 Dungeon Crawl Stone Soup version 0.30-a0-722-g3e6e8c874d (webtiles) character file.

Game seed: 2934427397478217725

46 Bnni the Cudgeller (level 3, -2/39 HPs)
             Began as an Ogre Gladiator on Jan 28, 2023.
             Slain by a worm (9 damage)
             ... on level 1 of the Dungeon.
             The game lasted 00:02:38 (929 turns).

Bnni the Cudgeller (Ogre Gladiator)                  Turns: 929, Time: 00:02:39

Health: -2/39      AC:  3    Str: 20    XL:     3   Next: 66%
Magic:  3/3        EV: 10    Int:  9    God:
Gold:   60         SH:  0    Dex: 10    Spells: 2/2 levels left

rFire   . . .      SeeInvis .    a - +0 flail
rCold   . . .      Faith    .    (no shield)
rNeg    . . .      Spirit   .    b - +0 robe
rPois   .          Reflect  .    c - +0 hat
rElec   .          Harm     .    (no cloak)
rCorr   .          Rampage  .    (gloves unavailable)
Will    .....                    (boots unavailable)
Stlth   +                        (no amulet)
HPRegen 0.26/turn                k - ring of wizardry
MPRegen 0.08/turn                (no ring)

@: no status effects
A: large, unfitting armour, tough skin 1
a: no special abilities


You were on level 1 of the Dungeon.
You visited 1 branch of the dungeon, and saw 2 of its levels.

You collected 60 gold pieces.

Inventory:

Hand Weapons
 a - a +0 flail (weapon)
Missiles
 d - 3 throwing nets (quivered)
 e - a large rock
Armour
 b - a +0 robe (worn)
 c - a +0 hat (worn)
Jewellery
 k - a ring of wizardry (left hand)
Scrolls
 f - a scroll of fear {unknown}
 h - 2 scrolls of vulnerability {unknown}
Potions
 g - a potion of heal wounds {unknown}
 i - a potion of berserk rage {unknown}
 j - a potion of magic {unknown}
 l - a potion of curing {unknown}


   Skills:
 + Level 3.6 Fighting
 * Level 3.7 Maces & Flails
 - Level 2.0 Throwing
 - Level 2.6 Dodging


You had 2 spell levels left.
You didn't know any spells.
Your spell library was empty.

Dungeon Overview and Level Annotations

Branches:
Dungeon (2/15)

Altars:

Annotations:
D:2 Robin


Innate Abilities, Weirdness & Mutations

You are too large for most types of armour.
You have tough skin. (AC +1)


Message History

Things that are here:
a +0 club; a +0 dagger; a +0 dagger You see here a +0 club.
There is a stone staircase leading down, spattered with blood here.
You start resting.
HP restored.
You climb downwards.
Level annotation: Robin The ball python bites you.
Robin hits you but does no damage.
The goblin closely misses you. x2; The worm bites you!
The ball python bites you but does no damage.
Robin closely misses you. The goblin hits you with a +0 dagger.
The goblin hits you but does no damage.
There is a stone staircase leading up, spattered with blood here.
The ball python bites you but does no damage.
The worm bites you!
Robin says, "My army is invincible!"
Robin misses you. The goblin closely misses you.
The goblin hits you with a +0 dagger.
You climb upwards.
There is a stone staircase leading down, spattered with blood here.
The goblin attacks as you move away! The goblin misses you.
You see here a +0 club.
Things that are here:
a +0 dagger; a +0 club; a +0 dagger The ball python closely misses you.
You sock the ball python!
You kill the ball python!
You thump the goblin!
You kill the goblin!
You hit the worm.
The worm is lightly wounded.
The worm barely misses you.
You barely miss the worm. You barely miss the worm. The worm bites you!
* * * LOW HITPOINT WARNING * * *
You hit the worm.
The worm is lightly wounded.
The worm bites you!
You die...

†...............# #.#
................###.###
.######..###..........##
## ##.#######.#.....#
#..## #.#######
##..#####...########
##.#.).###........#
#.#.>g##.........#
#)#..)#@.###.....#
#.....w)## #.....#
###...### #####.# #...#
#)# #...# #.# #...# #.##
##### #..# # ##.######
#......#


You could see a worm.

Vanquished Creatures
  2 dart slugs (D:1)
  9 ball pythons (D:1)
  3 endoplasms (D:1)
  A giant cockroach (D:1)
  3 hobgoblins (D:1)
  A kobold (D:1)
  2 bats (D:1)
  2 frilled lizards (D:1)
  12 goblins (D:1)
35 creatures vanquished.

Notes
Turn   | Place    | Note
-------+----------+-------------------------------------------
     0 | D:1      | Bnni the Ogre Gladiator began the quest for the Orb.
     0 | D:1      | Reached XP level 1. HP: 22/22 MP: 1/1
   118 | D:1      | Reached XP level 2. HP: 31/31 MP: 2/2
   507 | D:1      | Reached XP level 3. HP: 37/37 MP: 3/3
   648 | D:2      | Noticed Robin
   929 | D:1      | Slain by a worm

Illustrated notes

Levels and vault maps discovered:
D:1:      saegor_arrival_simple_c, layout_rooms
D:2:      layout_loops_ring, basic_altar, grunt_ministairs_13,
          kennysheep_another_room, uniq_robin, uniq_natasha

Skill      XL: |  1 |
---------------+----+-----
Fighting       | 3 |  3.6
Maces & Flails | 3 |  3.7
Throwing       | |  2.0
Dodging        | |  2.6

Action                     || total
---------------------------++-------
  Melee: Flail             ||    83
         Punch             ||     1
   Stab: Sleeping          ||     1
 Armour: Robe              ||    37
  Dodge: Dodged            ||    63

Table legend: (Time is in decaauts)
 A = Elapsed time spent in this place.
 B = Non-inter-level travel time spent in this place.
 C = Inter-level travel time spent in this place.
 D = Time resting spent in this place.
 E = Time spent auto-exploring this place.
 F = Levels seen in this place.
 G = Mean time per level.
                   A        B        C        D        E       F      G
               +--------+--------+--------+--------+--------+-----+--------+
         Total |    950 |    920 |     30 |    230 |    464 |   2 |  475.0 |
       Dungeon |    950 |    920 |     30 |    230 |    464 |   2 |  475.0 |
               +--------+--------+--------+--------+--------+-----+--------+

Top non-repeatable levels by time:
     D:1: 942 daAuts
     D:2: 7 daAuts
